 Dungeon Crawl Stone Soup version 0.28.0-45-g0d030f2227 (webtiles) character file.

Game seed: 17010412605642962152

590 101zpm the Chiller (level 7, -13/56 HPs)
             Began as a Pale Draconian Ice Elementalist on Apr 18, 2022.
             Mangled by an ogre
             ... wielding a +0 giant club
              (21 damage)
             ... on level 4 of the Dungeon.
             The game lasted 00:07:56 (4450 turns).

101zpm the Chiller (DrIE)                           Turns: 4450, Time: 00:07:57

Health: -13/56     AC: 12    Str: 10    XL:     7   Next: 16%
Magic:  5/11       EV: 12    Int: 17    God:
Gold:   155        SH:  0    Dex: 12    Spells: 5/12 levels left

rFire   . . .      SeeInvis .   a - +4 dagger (speed)
rCold   . . .      Faith    .   (no shield)
rNeg    . . .      Spirit   .   (armour unavailable)
rPois   .          Reflect  .   (helmet restricted)
rElec   .          Harm     .   (no cloak)
rCorr   .          Rampage  .   (no gloves)
Will    .....                   (no boots)
Stlth   ++........              (no amulet)
HPRegen 0.18/turn               (no ring)
MPRegen 0.12/turn               (no ring)

@: ice-armoured, freezing walls
A: breathe steam, AC +6, unfitting armour, cold-blooded, steam resistance
a: Breathe Steam


You were on level 4 of the Dungeon.
You visited 1 branch of the dungeon, and saw 4 of its levels.

You collected 155 gold pieces.

Inventory:

Hand Weapons
 a - a +4 dagger of speed (weapon)
 n - a +2 vampiric hand axe
Missiles
 h - 78 stones
 i - 36 arrows
 m - 2 silver boomerangs
 o - 6 poisoned darts
Scrolls
 b - 2 scrolls of identify {unknown}
 c - 3 scrolls of vulnerability {unknown}
 d - 2 scrolls of enchant armour {unknown}
 e - a scroll of acquirement {unknown}
 j - a scroll of fog {unknown}
 l - a scroll of enchant weapon {unknown}
Potions
 f - a potion of attraction {unknown}
 g - 2 potions of might {unknown}
 k - 2 potions of haste {unknown}


   Skills:
 + Level 2.5 Fighting
 + Level 3.4 Short Blades
 + Level 3.2 Dodging
 + Level 3.0 Stealth
 + Level 3.2 Spellcasting
 + Level 5.4 Ice Magic


You had 5 spell levels left.
You knew the following spells:

 Your Spells              Type           Power      Damage    Failure   Level
a - Freeze                Ice            84%        1d10      1%          1
b - Frozen Ramparts       Ice            42%        1d6       5%          3
c - Ozocubu's Armour      Ice            21%        N/A       5%          3

Your spell library contained the following spells:

 Spells                   Type           Power      Damage    Failure   Level
 Corpse Rot               Necr/Air       4%         N/A       26%         2
 Call Canine Familiar     Summ           2%         N/A       45%         3
 Portal Projectile        Hex/Tloc       4%         N/A       45%         3
 Hailstorm                Conj/Ice       12%        3d5       50%         4
 Animate Dead             Necr           1%         N/A       86%         4
 Dispel Undead            Necr           2%         3d7       86%         4
 Leda's Liquefaction      Hex/Erth       1%         N/A       86%         4
 Death Channel            Necr           1%         N/A       100%        6
 Haunt                    Necr/Summ      1%         N/A       100%        7
 Infestation              Necr           1%         N/A       100%        8


Dungeon Overview and Level Annotations

Branches:
Dungeon (4/15)
 Temple: D:4-7

Altars:
Wu Jian


Innate Abilities, Weirdness & Mutations

You can breathe blasts of scalding, opaque steam.
Your pale cyan-grey scales are hard. (AC +6)
You cannot fit into any form of body armour.
You are cold-blooded and may be slowed by cold attacks.
You are immune to the effects of steam.


Message History

No target in view!
No target in view!
No target in view!
Things that are here:
a +0 flail; a +0 leather armour
Found a stone staircase leading down.
Found a stone staircase leading down.
There is a stone staircase leading down here.
A kobold comes into view. It is wielding a +0 short sword.
An ogre comes into view. It is wielding a +0 giant club.
A goblin comes into view. It is wielding a +0 dagger.
The goblin shouts!
The ogre shouts!
The ogre hits you with a +0 giant club!!
The kobold shouts!
Casting: Frozen Ramparts (dangerous; 5% risk of failure)
Confirm with . or Enter, or press ? or * to list all spells.
Casting: Frozen Ramparts (dangerous; 5% risk of failure)
Press: ? - help, Dir - look around, f - activate The walls around you are covered in ice.
The wall freezes the goblin.
The wall freezes the kobold.
You kill the kobold!
The wall freezes the ogre.
The ogre closely misses you.
You hit the ogre.
The ogre is moderately wounded.
The wall freezes the goblin.
You hit the goblin but do no damage.
Your tail-slap misses the goblin.
The goblin is heavily wounded.
The wall freezes the ogre.
The ogre hits you with a +0 giant club!!
* * * LOW HITPOINT WARNING * * *
The wall freezes the goblin.
You kill the goblin!
Casting: Frozen Ramparts (dangerous; 5% risk of failure)
Confirm with . or Enter, or press ? or * to list all spells.
A film of ice covers your body!
The wall freezes the ogre.
The ogre misses you.
The wall freezes the ogre.
The ogre barely misses you.
The wall freezes the ogre.
The ogre hits you with a +0 giant club!!
You die...

### #..# ##... ##...
#... # #)O## .###
#@.## ....# ## ..
#.##...###.##.# ..
.. #..........##.#
.# #.# #
######.#.####.# .#
##.##...# #...# #.#
.# #........
...###.####.## .#
#..# h...
..............#
.###..##..#
###.########.>######
.)........# #.#
#.......#


You could see an ogre.

Vanquished Creatures
  Menkaure (D:4)
  A black bear (D:4)
  An ogre (D:4)
  2 orc priests
  A jelly (D:4)
  An iguana (D:4)
  An orc wizard (D:3)
  3 adders (D:2)
  A white imp (D:3)
  An ufetubus (D:4)
  3 dart slugs
  16 orcs
  8 ball pythons
  4 endoplasms
  4 giant cockroaches
  7 goblins
  6 hobgoblins
  8 jackals
  8 quokkas
  4 bats
  A frilled lizard (D:3)
  3 kobolds
  6 rats
91 creatures vanquished.

Notes
Turn   | Place    | Note
-------+----------+-------------------------------------------
     0 | D:1      | 101zpm the Draconian Ice Elementalist began the quest for
                  | the Orb.
     0 | D:1      | Reached XP level 1. HP: 14/14 MP: 3/3
   193 | D:2      | Reached XP level 2. HP: 22/22 MP: 3/5
   325 | D:2      | Reached XP level 3. HP: 25/27 MP: 6/6
  1312 | D:1      | Found a faded altar of an unknown god.
  1623 | D:1      | Reached skill level 1 in Short Blades
  1758 | D:1      | You fall into a shaft and drop 1 floor!
  1864 | D:1      | Reached XP level 4. HP: 34/34 MP: 7/7
  2286 | D:3      | Found an ornate altar of the Wu Jian Council.
  2565 | D:3      | Reached skill level 1 in Fighting
  3170 | D:3      | Reached XP level 5. HP: 31/40 MP: 8/8
  3540 | D:3      | Learned a level 3 spell: Frozen Ramparts
  3544 | D:3      | Learned a level 3 spell: Ozocubu's Armour
  3596 | D:4      | Noticed Menkaure
  3608 | D:4      | Killed Menkaure
  3609 | D:4      | Reached XP level 6. HP: 40/48 MP: 3/9
  3910 | D:4      | Reached skill level 5 in Ice Magic
  4174 | D:4      | Your scales start taking on a pale cyan-grey colour.
  4174 | D:4      | Reached XP level 7. HP: 35/56 MP: 11/11
  4174 | D:4      | Gained mutation: You are immune to the effects of steam.
                  | [Pale Draconian growth]
  4450 | D:4      | Mangled by an ogre

Illustrated notes

Levels and vault maps discovered:
D:1:      heliophobic_arrival_glass_houses, layout_basic,
          ebering_ecumenical_altar_abandoned, chequers_avenue
D:2:      minmay_skewed_foursquare, layout_loops_ring
D:3:      layout_loops_ring, mainiacjoe_overflow_tiny_flanked, wad_orctagon
D:4:      layout_loops_ring, minivault_1, minmay_cupped, uniq_menkaure

Skill      XL: |  1  2  3  4  5  6 |
---------------+-------------------+-----
Stealth        | 2 3 |  3.0
Dodging        | 2 3 |  3.2
Short Blades   | 1 2 3 |  3.4
Fighting       | 1 2 |  2.5
Ice Magic      | 5 |  5.4
Spellcasting   | 3 |  3.2

Action                   |  1- 3 |  4- 6 |  7- 9 || total
-------------------------+-------+-------+-------++-------
Melee: Dagger            |    91 |   164 |     5 ||   260
       Tailslap          |     4 |    22 |     2 ||    28
 Cast: Freeze            |     6 |     7 |       ||    13
       Frozen Ramparts   |       |     6 |     1 ||     7
       Ozocubu's Armour  |       |     2 |     1 ||     3
 Stab: Sleeping          |     4 |       |       ||     4
Armor: Skin              |    23 |    33 |     1 ||    57
Dodge: Dodged            |    50 |    81 |     3 ||   134
